| TOP OF THE 1ST |
|
Cleveland Indians batting - Pitching for Seattle Mariners : LHP Larry Tuckfard
|
|
Pitching: LHP Larry Tuckfard
|
|
|
Batting: LHB Fernando Campos
|
0-0: Called Strike 0-1: Swinging Strike 0-2: Ball 1-2: Ball 2-2: Fly out, F8 (Flyball, 8LM, EV 91.2 MPH)
|
|
Batting: RHB Paul Word
|
0-0: Called Strike 0-1: Called Strike 0-2: Foul Ball, location: 2F 0-2: Ball 1-2: Strikes out swinging
|
|
Batting: SHB Moe Lester
|
0-0: Called Strike 0-1: Ball 1-1: Foul Ball, location: 2F 1-2: Ball 2-2: Ball 3-2: Base on Balls
|
|
Batting: SHB Merrick Geter
|
0-0: Ball 1-0: Called Strike Moe Lester steals 2nd base (no throw) 1-1: SINGLE (Flyball, 8RS, EV 90.0 MPH) Moe Lester to third Runner from 3rd tries for Home, SAFE, throw by CF to home
|
|
Batting: LHB Arvin Dungca
|
0-0: Ball 1-0: DOUBLE (Flyball, 89XD, EV 94.4 MPH) Merrick Geter to third
|
|
Batting: RHB Chad Manning
|
0-0: Ball 1-0: Swinging Strike 1-1: Foul Ball, location: 2F 1-2: Strikes out swinging
|
| Top of the 1st over - 1 run, 2 hits, 0 errors, 2 left on base; Cleveland 1 - Seattle 0 |
| BOTTOM OF THE 1ST |
|
Seattle Mariners batting - Pitching for Cleveland Indians : RHP Dennis Beals
|
|
Pitching: RHP Dennis Beals
|
|
|
Batting: LHB John Zumbo
|
0-0: Ball 1-0: Ball 2-0: Ball 3-0: Base on Balls
|
|
Batting: LHB Bi-jun Chien
|
0-0: Called Strike 0-1: Ball 1-1: Ball 2-1: Ball 3-1: 2-RUN HOME RUN (Flyball, 7LD, EV 95.0 MPH), Distance : 337 ft
|
|
Batting: LHB Dae-ik Yoon
|
0-0: Called Strike 0-1: Foul Ball, location: 2F 0-2: Ball 1-2: Strikes out swinging
|
|
Batting: SHB Tze-meng Gan
|
0-0: Ball 1-0: Ball 2-0: Ball 3-0: Called Strike 3-1: SINGLE (Groundball, 34D, EV 98.1 MPH)
|
|
Batting: RHB Jose Vasquez
|
0-0: Ball 1-0: Foul Ball, location: 2F 1-1: Swinging Strike 1-2: Fly out, F9 (Flyball, 9LD, EV 99.4 MPH)
|
|
Batting: RHB Corey Ottinger
|
0-0: Swinging Strike 0-1: Ball 1-1: Called Strike 1-2: SINGLE (Flyball, 89S, EV 95.0 MPH) Tze-meng Gan to second Runner from 2nd tries for 3rd, SAFE, throw by CF made to third
|
|
Batting: RHB Ivan Colon
|
0-0: Swinging Strike 0-1: Ball 1-1: Reached on error, E6 (Groundball, 6, EV 83.1 MPH) Tze-meng Gan scores Corey Ottinger to second
|
|
Batting: RHB Young-kwang Ohnn
|
0-0: Swinging Strike 0-1: Ground out 1-3 (Groundball, 15S, EV 71.2 MPH)
|
| Bottom of the 1st over - 3 runs, 3 hits, 1 error, 2 left on base; Cleveland 1 - Seattle 3 |
| TOP OF THE 2ND |
|
Cleveland Indians batting - Pitching for Seattle Mariners : LHP Larry Tuckfard
|
|
Batting: LHB Hector Pedroso
|
0-0: Called Strike 0-1: Ball 1-1: SINGLE (Groundball, 25, EV 65.0 MPH) (infield hit)
|
|
Batting: SHB Dan Hill
|
0-0: Called Strike 0-1: Foul Ball, location: 2F 0-2: Foul Ball, location: 2F 0-2: Ball Wild Pitch! Hector Pedroso to second 1-2: Hit by Pitch
|
|
Batting: RHB C.J. Sagle
|
0-0: Called Strike 0-1: Called Strike 0-2: Ball 1-2: Ball 2-2: Ball 3-2: Strikes out swinging
|
|
Batting: LHB Fernando Campos
|
0-0: Called Strike 0-1: Reached on error, E4 (Groundball, 4, EV 75.6 MPH) Hector Pedroso to third Dan Hill to second
|
|
Batting: RHB Paul Word
|
0-0: Foul Ball, location: 2F 0-1: Grounds into double play, 6-4-3 (Groundball, 6, EV 88.8 MPH)
|
| Top of the 2nd over - 0 runs, 1 hit, 1 error, 2 left on base; Cleveland 1 - Seattle 3 |
| BOTTOM OF THE 2ND |
|
Seattle Mariners batting - Pitching for Cleveland Indians : RHP Dennis Beals
|
|
Batting: RHB Leon Alders
|
0-0: Ball 1-0: Called Strike 1-1: SINGLE (Line Drive, 7LS, EV 95.0 MPH)
|
|
Batting: LHB John Zumbo
|
0-0: Called Strike 0-1: Ball 1-1: Ball 2-1: Swinging Strike 2-2: Fly out, F3 (Line Drive, 3, EV 71.2 MPH) Lined into DP, U3 (Line Drive, 3, EV 67.5 MPH)
|
|
Batting: LHB Bi-jun Chien
|
0-0: Ground out 4-3 (Groundball, 4, EV 83.1 MPH)
|
| Bottom of the 2nd over - 0 runs, 1 hit, 0 errors, 0 left on base; Cleveland 1 - Seattle 3 |
| TOP OF THE 3RD |
|
Cleveland Indians batting - Pitching for Seattle Mariners : LHP Larry Tuckfard
|
|
Batting: SHB Moe Lester
|
0-0: Called Strike 0-1: Called Strike 0-2: Foul Ball, location: 2F 0-2: Ground out 6-3 (Groundball, 6, EV 83.1 MPH)
|
|
Batting: SHB Merrick Geter
|
0-0: Swinging Strike 0-1: Ball 1-1: Ball 2-1: Fly out, F3 (Popup, 23F, EV 85.0 MPH)
|
|
Batting: LHB Arvin Dungca
|
0-0: Ball 1-0: Swinging Strike 1-1: Ball 2-1: Ball 3-1: Fly out, F9 (Line Drive, 9S, EV 96.9 MPH)
|
| Top of the 3rd over - 0 runs, 0 hits, 0 errors, 0 left on base; Cleveland 1 - Seattle 3 |
| BOTTOM OF THE 3RD |
|
Seattle Mariners batting - Pitching for Cleveland Indians : RHP Dennis Beals
|
|
Batting: LHB Dae-ik Yoon
|
0-0: SINGLE (Line Drive, 6D, EV 94.4 MPH)
|
|
Batting: SHB Tze-meng Gan
|
0-0: Called Strike 0-1: Swinging Strike 0-2: Ball 1-2: Ball 2-2: Ball 3-2: Base on Balls Dae-ik Yoon to second
|
|
Batting: RHB Jose Vasquez
|
0-0: Called Strike 0-1: Ball 1-1: Ball 2-1: Foul Ball, location: 2F 2-2: Grounds into double play, 5-4-3 (Groundball, 56S, EV 86.9 MPH) Dae-ik Yoon to third
|
|
Batting: RHB Corey Ottinger
|
0-0: Ball 1-0: Ball 2-0: Swinging Strike 2-1: Swinging Strike 2-2: Strikes out swinging
|
| Bottom of the 3rd over - 0 runs, 1 hit, 0 errors, 1 left on base; Cleveland 1 - Seattle 3 |
| TOP OF THE 4TH |
|
Cleveland Indians batting - Pitching for Seattle Mariners : LHP Larry Tuckfard
|
|
Batting: RHB Chad Manning
|
0-0: Ball 1-0: Ball 2-0: Ball 3-0: Called Strike 3-1: Called Strike 3-2: Strikes out swinging
|
|
Batting: LHB Hector Pedroso
|
0-0: Foul Ball, location: 2F 0-1: Foul Ball, location: 2F 0-2: Ball 1-2: Foul Ball, location: 2F 1-2: Ground out 5-3 (Groundball, 56D, EV 108.8 MPH)
|
|
Batting: SHB Dan Hill
|
0-0: Swinging Strike 0-1: Called Strike 0-2: Ball 1-2: Strikes out swinging
|
| Top of the 4th over - 0 runs, 0 hits, 0 errors, 0 left on base; Cleveland 1 - Seattle 3 |
| BOTTOM OF THE 4TH |
|
Seattle Mariners batting - Pitching for Cleveland Indians : RHP Dennis Beals
|
|
Batting: RHB Ivan Colon
|
0-0: Foul Ball, location: 2F 0-1: SINGLE (Groundball, 4D, EV 111.2 MPH)
|
|
Batting: RHB Young-kwang Ohnn
|
0-0: Ball 1-0: 2-RUN HOME RUN (Flyball, 7D, EV 97.5 MPH), Distance : 369 ft
|
|
Pitching: RHP Justin Finch
|
|
|
Batting: RHB Leon Alders
|
0-0: Called Strike 0-1: Ball 1-1: Ball 2-1: Foul Ball, location: 2F 2-2: Foul Ball, location: 2F 2-2: Foul Ball, location: 2F 2-2: Foul Ball, location: 2F 2-2: Foul Ball, location: 2F 2-2: Foul Ball, location: 2F 2-2: Strikes out swinging
|
|
Batting: LHB John Zumbo
|
0-0: Foul Ball, location: 2F 0-1: Ground out 4-3 (Groundball, 4, EV 81.2 MPH)
|
|
Batting: LHB Bi-jun Chien
|
0-0: Ball 1-0: Swinging Strike 1-1: Called Strike 1-2: Foul Ball, location: 2F 1-2: DOUBLE (Line Drive, 7LS, EV 107.5 MPH)
|
|
Batting: LHB Dae-ik Yoon
|
0-0: Ground out 4-3 (Groundball, 34D, EV 103.8 MPH)
|
| Bottom of the 4th over - 2 runs, 3 hits, 0 errors, 1 left on base; Cleveland 1 - Seattle 5 |
| TOP OF THE 5TH |
|
Cleveland Indians batting - Pitching for Seattle Mariners : LHP Larry Tuckfard
|
|
Batting: RHB C.J. Sagle
|
0-0: Ball 1-0: Called Strike 1-1: Ball 2-1: Called Strike 2-2: Strikes out looking
|
|
Batting: LHB Fernando Campos
|
0-0: Ball 1-0: Swinging Strike 1-1: Ball 2-1: Called Strike 2-2: Strikes out looking
|
|
Batting: RHB Paul Word
|
0-0: Ball 1-0: Ball 2-0: Foul Ball, location: 2F 2-1: Ball 3-1: Foul Ball, location: 2F 3-2: Foul Ball, location: 2F 3-2: SOLO HOME RUN (Flyball, 78XD, EV 108.8 MPH), Distance : 396 ft
|
|
Batting: SHB Moe Lester
|
0-0: Swinging Strike 0-1: Swinging Strike 0-2: Strikes out swinging
|
| Top of the 5th over - 1 run, 1 hit, 0 errors, 0 left on base; Cleveland 2 - Seattle 5 |
| BOTTOM OF THE 5TH |
|
Seattle Mariners batting - Pitching for Cleveland Indians : RHP Justin Finch
|
|
Batting: SHB Tze-meng Gan
|
0-0: Called Strike 0-1: Ball 1-1: DOUBLE (Line Drive, 89D, EV 103.1 MPH)
|
|
Batting: RHB Jose Vasquez
|
0-0: Ground out 5-3 (Groundball, 56S, EV 80.6 MPH)
|
|
Batting: RHB Corey Ottinger
|
0-0: Ball 1-0: Ball Tze-meng Gan steals 3rd base (no throw) 2-0: Called Strike 2-1: Ground out 6-3 (Groundball, 6, EV 85.6 MPH) Tze-meng Gan scores
|
|
Batting: RHB Ivan Colon
|
0-0: Foul Ball, location: 2F 0-1: Swinging Strike 0-2: Strikes out swinging
|
| Bottom of the 5th over - 1 run, 1 hit, 0 errors, 0 left on base; Cleveland 2 - Seattle 6 |
| TOP OF THE 6TH |
|
Cleveland Indians batting - Pitching for Seattle Mariners : LHP Larry Tuckfard
|
|
Batting: SHB Merrick Geter
|
0-0: SINGLE (Line Drive, 8LS, EV 105.6 MPH)
|
|
Batting: LHB Arvin Dungca
|
0-0: Grounds into double play, 4-6-3 (Groundball, 4, EV 84.4 MPH)
|
|
Batting: RHB Chad Manning
|
0-0: Called Strike 0-1: Ball 1-1: Ball 2-1: Ball 3-1: Foul Ball, location: 2F 3-2: Strikes out looking
|
| Top of the 6th over - 0 runs, 1 hit, 0 errors, 0 left on base; Cleveland 2 - Seattle 6 |
| BOTTOM OF THE 6TH |
|
Seattle Mariners batting - Pitching for Cleveland Indians : RHP Justin Finch
|
|
Batting: RHB Young-kwang Ohnn
|
0-0: Called Strike 0-1: Foul Ball, location: 2F 0-2: Ball 1-2: Ball 2-2: Ball 3-2: Ground out 6-3 (Groundball, 6, EV 80.0 MPH)
|
|
Batting: RHB Leon Alders
|
0-0: Ball 1-0: Ball 2-0: Ground out 6-3 (Groundball, 6, EV 89.4 MPH)
|
|
Batting: LHB John Zumbo
|
0-0: Ball 1-0: Swinging Strike 1-1: Ground out 4-3 (Groundball, 4, EV 85.6 MPH)
|
| Bottom of the 6th over - 0 runs, 0 hits, 0 errors, 0 left on base; Cleveland 2 - Seattle 6 |
| TOP OF THE 7TH |
|
Cleveland Indians batting - Pitching for Seattle Mariners : LHP Larry Tuckfard
|
|
Batting: LHB Hector Pedroso
|
0-0: Called Strike 0-1: Ball 1-1: Swinging Strike 1-2: Strikes out swinging
|
|
Batting: SHB Dan Hill
|
0-0: Called Strike 0-1: SOLO HOME RUN (Flyball, 7LD, EV 95.0 MPH), Distance : 345 ft
|
|
Pitching: LHP David Anaya
|
|
|
Batting: RHB C.J. Sagle
|
0-0: Called Strike 0-1: Foul Ball, location: 2F 0-2: Ball 1-2: Foul Ball, location: 2F 1-2: SINGLE (Line Drive, 4D, EV 105.0 MPH)
|
|
Batting: LHB Fernando Campos
|
0-0: Ball 1-0: Ball 2-0: Swinging Strike 2-1: Foul Ball, location: 2F 2-2: Foul Ball, location: 2F 2-2: Ball 3-2: Foul Ball, location: 2F 3-2: Strikes out looking
|
|
Batting: RHB Paul Word
|
0-0: Called Strike 0-1: Ball 1-1: Ball 2-1: Foul Ball, location: 2F 2-2: Ball 3-2: Base on Balls C.J. Sagle to second
|
|
Batting: SHB Moe Lester
|
0-0: Ball 1-0: Ball 2-0: Called Strike 2-1: Ball 3-1: Fielders Choice at 2nd, 4-6 (Groundball, 4MD, EV 104.4 MPH)
|
| Top of the 7th over - 1 run, 2 hits, 0 errors, 2 left on base; Cleveland 3 - Seattle 6 |
| BOTTOM OF THE 7TH |
|
Seattle Mariners batting - Pitching for Cleveland Indians : RHP Justin Finch
|
|
Pitching: RHP Alberto Pickett
|
|
|
Batting: LHB Bi-jun Chien
|
0-0: Called Strike 0-1: Ground out 4-3 (Groundball, 4MS, EV 77.5 MPH)
|
|
Batting: LHB Dae-ik Yoon
|
0-0: Fly out, F5 (Line Drive, 5, EV 69.4 MPH)
|
|
Batting: SHB Tze-meng Gan
|
0-0: Ball 1-0: Fly out, F3 (Popup, 3SF, EV 68.1 MPH)
|
| Bottom of the 7th over - 0 runs, 0 hits, 0 errors, 0 left on base; Cleveland 3 - Seattle 6 |
| TOP OF THE 8TH |
|
Cleveland Indians batting - Pitching for Seattle Mariners : LHP David Anaya
|
|
Batting: SHB Merrick Geter
|
0-0: Ball 1-0: Called Strike 1-1: Swinging Strike 1-2: Foul Ball, location: 2F 1-2: Foul Ball, location: 2F 1-2: Ball 2-2: Foul Ball, location: 2F 2-2: Strikes out swinging
|
|
Batting: LHB Arvin Dungca
|
0-0: Foul Ball, location: 2F 0-1: Ball 1-1: Foul Ball, location: 2F 1-2: Ball 2-2: Strikes out swinging
|
|
Batting: RHB Chad Manning
|
0-0: Ball 1-0: Ball 2-0: Ball 3-0: Called Strike 3-1: Called Strike 3-2: Foul Ball, location: 2F 3-2: Foul Ball, location: 2F 3-2: Base on Balls
|
|
Batting: LHB Hector Pedroso
|
0-0: Called Strike 0-1: Foul Ball, location: 2F 0-2: Ball 1-2: Foul Ball, location: 2F 1-2: Strikes out looking
|
| Top of the 8th over - 0 runs, 0 hits, 0 errors, 1 left on base; Cleveland 3 - Seattle 6 |
| BOTTOM OF THE 8TH |
|
Seattle Mariners batting - Pitching for Cleveland Indians : RHP Alberto Pickett
|
|
Pitching: RHP Jay Woodall
|
|
|
Batting: RHB Jose Vasquez
|
0-0: Ball 1-0: Called Strike 1-1: Ground out 6-3 (Groundball, 6, EV 83.1 MPH)
|
|
Batting: RHB Corey Ottinger
|
0-0: Called Strike 0-1: Swinging Strike 0-2: Ball 1-2: Ball 2-2: Ball 3-2: Strikes out swinging
|
|
Batting: RHB Ivan Colon
|
0-0: SOLO HOME RUN (Flyball, 7D, EV 97.5 MPH), Distance : 374 ft
|
|
Batting: RHB Young-kwang Ohnn
|
0-0: Called Strike 0-1: Ball 1-1: SINGLE (Groundball, 56, EV 100.0 MPH)
|
|
Batting: RHB Leon Alders
|
0-0: Called Strike 0-1: Ground out 4-3 (Groundball, 4, EV 102.5 MPH)
|
| Bottom of the 8th over - 1 run, 2 hits, 0 errors, 1 left on base; Cleveland 3 - Seattle 7 |
| TOP OF THE 9TH |
|
Cleveland Indians batting - Pitching for Seattle Mariners : LHP David Anaya
|
|
Pitching: RHP Elias Gonzalez
|
|
|
Batting: SHB Dan Hill
|
0-0: Ball 1-0: Foul Ball, location: 2F 1-1: Called Strike 1-2: Foul Ball, location: 2F 1-2: Foul Ball, location: 2F 1-2: Strikes out swinging
|
|
Batting: RHB C.J. Sagle
|
0-0: Foul Ball, location: 2F 0-1: Ball 1-1: Called Strike 1-2: Ground out 6-3 (Groundball, 6, EV 94.4 MPH)
|
|
Batting: LHB Fernando Campos
|
0-0: Ball 1-0: Swinging Strike 1-1: Ground out 6-3 (Groundball, 6, EV 93.8 MPH)
|
| Top of the 9th over - 0 runs, 0 hits, 0 errors, 0 left on base; Cleveland 3 - Seattle 7 |
|